 Dungeon Crawl Stone Soup version 0.22-a0-293-gc9362ec4a2 (webtiles) character file.

2417 Infinimo the Geomancer (level 9, -5/54 HPs)
             Began as a Gargoyle Earth Elementalist on Mar 24, 2018.
             Killed from afar by Infinimo's ghost (8 damage)
             ... with a sticky flame
             ... on level 7 of the Dungeon.
             The game lasted 00:12:20 (8326 turns).

Infinimo the Geomancer (GrEE)                       Turns: 8326, Time: 00:12:21

Health: -5/54      AC: 13    Str: 16    XL:     9   Next: 47%
Magic:  2/16       EV: 12    Int: 24    God:
Gold:   351        SH:  0    Dex: 10    Spells: 14/18 levels left

rFire    . . .     SeeInvis .   c - +0 trident
rCold    . . .     Gourm    .   (no shield)
rNeg     + . .     Faith    .   v - +2 robe {MR+}
rPois    ∞         Spirit   .   a - +2 helmet {Int+3}
rElec    +         Reflect  .   (no cloak)
rCorr    .         Harm     .   (no gloves)
MR       +....                  (no boots)
Stlth    +.........             (no amulet)
HPRegen  0.18/turn              b - +3 ring of strength
MPRegen  0.15/turn              u - +3 ring of intelligence

@: liquid flames, glowing
A: negative energy resistance 1, electricity resistance, unbreathing,
petrification resistance, rot immunity, AC +6
a: no special abilities


You were on level 7 of the Dungeon.
You were hungry.

You visited 1 branch of the dungeon, and saw 7 of its levels.
You also visited: Sewer.

You collected 351 gold pieces.

Inventory:

Hand Weapons
 c - a +0 trident (weapon)
Armour
 a - a +2 helmet of intelligence (worn)
 v - a +2 robe of magic resistance (worn)
Jewellery
 b - a +3 ring of strength (left hand)
 u - a +3 ring of intelligence (right hand)
Wands
 g - a wand of acid (8)
Scrolls
 e - 6 scrolls of remove curse
 f - 8 scrolls of identify
 h - a scroll of amnesia
 j - a scroll of enchant armour
 k - 2 scrolls of teleportation
 o - a scroll of fog {unknown}
 p - 2 scrolls of blinking
 q - a scroll of fear {unknown}
Potions
 i - 2 potions of brilliance
 l - a potion of agility
 m - a potion of mutation {unknown}
 r - a potion of invisibility
 s - 3 potions of flight
 t - 2 potions of might
Comestibles
 d - 9 rations


   Skills:
 + Level 5.4 Fighting
 - Level 1.5 Dodging
 - Level 2.1 Stealth
 + Level 5.1 Spellcasting
 * Level 7.1 Conjurations
   Level 0.7 Transmutations
 * Level 9.7 Earth Magic


You had 14 spell levels left.
You knew the following spells:

 Your Spells              Type           Power        Failure   Level  Hunger
a - Sandblast             Erth           ######       1%          1    None
b - Stone Arrow           Conj/Erth      #####.       1%          3    ##.....


Dungeon Overview and Level Annotations

Branches:
Dungeon (7/15)
 Temple: D:4-7

Altars:
Ashenzari
Fedhas
Gozag
Hepliaklqana
Kikubaaqudgha
Nemelex Xobeh
Qazlal
Sif Muna
Uskayaw
Wu Jian
Xom
Yredelemnul
The Shining One

Annotations:
D:7 Infinimo's ghost, novice DsFE


Innate Abilities, Weirdness & Mutations

You are resistant to torment.
Your stone body is resilient. (AC +6)
You are immune to poison.
You resist negative energy. (rN+)
You are resistant to electric shocks. (rElec)
You can survive without breathing.
You are immune to petrification.
You are immune to rotting.


Message History

Infinimo's ghost is almost destroyed.
You are covered in liquid flames!
Infinimo's ghost casts a spell at you. The flame tongue hits you!
Infinimo's ghost is almost destroyed.
Infinimo's ghost sprays you with burning goo.
The sticky flame hits you!
You are covered in liquid flames!
You hit Infinimo's ghost but do no damage.
Infinimo's ghost is almost destroyed.
You are covered in liquid flames!
* * * LOW HITPOINT WARNING * * *
Infinimo's ghost closely misses you. x2
Okay, then.
You are covered in liquid flames!
* * * LOW HITPOINT WARNING * * *
Infinimo's ghost sprays you with burning goo.
The sticky flame hits you!
You are covered in liquid flames!
You die...

#### ##############
#.... #............#
..._..###............#
.._8_.§........@W....#
..._..##.......[......$
.....))..............#.
.(...>##..........####
..... #.##....#### ....
#..#.#...†. ...
.......###.. #.
#...###.. .# . .....
##.. #


You could see Infinimo's ghost.

Vanquished Creatures
  Grinder (D:3)
  Sigmund (D:6)
  The ghost of creator the Slasher, an amateur DsBe of Makhleb (D:4)
  Duvessa (D:6)
  An ice beast (D:5)
  2 phantoms
  3 ogres (D:5)
  2 scorpions (D:5)
  Dowan (D:6)
  5 wights
  3 howler monkeys
  4 crimson imps
  4 orc wizards
  3 orc priests (D:3)
  A centaur skeleton (D:6)
  An iguana (D:4)
  3 worker ants
  2 hound skeletons (D:6)
  A worker ant zombie (D:6)
  Robin (D:4)
  12 adders
  6 oozes
  3 adder skeletons
  3 worms (Sewer)
  5 dart slugs
  7 leopard geckos
  20 orcs
  16 bats
  9 giant cockroaches
  10 goblins
  11 hobgoblins
  15 jackals
  5 quokkas
  4 ball pythons (Sewer)
  17 frilled lizards
  A giant cockroach zombie (D:5)
  4 kobolds
  A quokka skeleton (D:7)
  4 rats
194 creatures vanquished.

Notes
Turn   | Place    | Note
-------+----------+-------------------------------------------
     0 | D:1      | Infinimo the Gargoyle Earth Elementalist began the quest for the Orb.
     0 | D:1      | Reached XP level 1. HP: 10/10 MP: 3/3
    86 | D:1      | Reached skill level 4 in Earth Magic
    86 | D:1      | Reached XP level 2. HP: 10/16 MP: 0/5
   299 | D:1      | Reached skill level 1 in Fighting
   591 | D:1      | Reached XP level 3. HP: 19/20 MP: 6/6
  1744 | D:2      | Reached XP level 4. HP: 14/25 MP: 7/7
  2189 | D:2      | Reached skill level 5 in Earth Magic
  2319 | D:2      | Found an ancient bone altar of Kikubaaqudgha.
  2321 | D:2      | Found an opulent altar of Gozag.
  2321 | D:2      | Found a glowing golden altar of the Shining One.
  2321 | D:2      | Found a blossoming altar of Fedhas.
  2346 | D:2      | Found a shattered altar of Ashenzari.
  2686 | D:2      | Reached XP level 5. HP: 12/30 MP: 0/9
  2998 | D:3      | Learned a level 3 spell: Stone Arrow
  3097 | D:3      | Noticed Grinder
  3103 | D:3      | Paralysed by Grinder for 5 turns
  3113 | D:3      | Killed Grinder
  3113 | D:3      | Reached skill level 6 in Earth Magic
  3113 | D:3      | Reached XP level 6. HP: 23/36 MP: 0/11
  3537 | D:3      | Reached XP level 7. HP: 41/41 MP: 9/12
  3789 | D:4      | Found an ornate altar of the Wu Jian Council.
  3853 | D:4      | Noticed Robin
  3861 | D:4      | Killed Robin
  4135 | D:4      | Reached skill level 7 in Earth Magic
  4388 | D:4      | Noticed creator's ghost (amateur DsBe)
  4402 | D:4      | Killed creator's ghost
  4644 | D:5      | Entered Level 5 of the Dungeon
  4723 | D:5      | Found a glowing drain.
  4777 | Sewer    | Entered a sewer
  5321 | Sewer    | Reached XP level 8. HP: 48/48 MP: 9/13
  5497 | D:5      | Reached skill level 5 in Conjurations
  5497 | D:5      | Reached skill level 8 in Earth Magic
  6498 | D:6      | Noticed Sigmund
  6596 | D:6      | Killed Sigmund
  6596 | D:6      | Reached XP level 9. HP: 53/53 MP: 8/15
  6698 | D:5      | Reached skill level 9 in Earth Magic
  6701 | D:5      | Reached skill level 5 in Fighting
  7341 | D:6      | Reached skill level 5 in Spellcasting
  7610 | D:6      | Found a stormy altar of Qazlal.
  7611 | D:6      | Noticed Dowan
  7614 | D:6      | Killed Dowan
  7616 | D:6      | Noticed Duvessa
  7646 | D:6      | Killed Duvessa
  7810 | D:6      | Found a shimmering altar of Xom.
  7811 | D:6      | Found a hazy altar of Hepliaklqana.
  7812 | D:6      | Noticed a spectral ugly thing
  7899 | D:7      | Found a deep blue altar of Sif Muna.
  7903 | D:7      | Found a sparkling altar of Nemelex Xobeh.
  7905 | D:7      | Found a basalt altar of Yredelemnul.
  7908 | D:7      | Found a hide-covered altar of Uskayaw.
  7908 | D:7      | Noticed Infinimo's ghost (novice DsFE)
  8326 | D:7      | Killed from afar by Infinimo's ghost

Vault maps used:
D:1:      roderic_dead_forest, serial_forest, infiniplex_forest_clump_tiny,
          infiniplex_forest_lined_room_3, infiniplex_forest_side_room,
          infiniplex_forest_lined_room_3, infiniplex_forest_lined_2
D:2:      grunt_temple_overflow_open, minmay_lizard_pond
D:3:      first_ration, uniq_grinder
D:4:      overflow_temple_1_default, roderic_lattice_a, minivault_26, uniq_robin
D:5:      gup_sewer_entry_glass
D:6:      regret_index_temple_of_mockery, serial_bayou_lagoon_a,
          grunt_qazlal_clouds, uniq_sigmund, uniq_duvessa
D:7:      chequers_temple_overflow_statue_of_worship,
          minmay_temple_entry_nine_rooms, the_bakery
Sewer:    sewer_fruit_machine

Skill      XL: |  1  2  3  4  5  6  7  8  9 |
---------------+----------------------------+-----
Earth Magic    | 4 5 6 7 8 9 |  9.7
Fighting       | 1 2 3 4 5 |  5.4
Spellcasting   | 3 4 5 |  5.1
Conjurations   | 2 4 6 7 |  7.1
Dodging        | |  1.5
Stealth        | |  2.1
Transmutations | |  0.7

Action                   |  1- 3 |  4- 6 |  7- 9 || total
-------------------------+-------+-------+-------++-------
Melee: Unarmed           |    59 |       |       ||    59
       Dagger            |   134 |    81 |       ||   215
       Trident           |       |    11 |   131 ||   142
 Cast: Sandblast         |    24 |    57 |    76 ||   157
       Stone Arrow       |       |       |    95 ||    95
  Use: Scroll            |       |     6 |     2 ||     8
       Potion            |       |       |     2 ||     2
 Stab: Sleeping          |     1 |     1 |     2 ||     4
  Eat: Chunk             |     3 |     6 |    12 ||    21
       Ration            |       |       |     2 ||     2
Armor: Robe              |    84 |    56 |    95 ||   235
Dodge: Dodged            |   147 |    86 |   137 ||   370

Table legend:
 A = Spawn XP
 B = Non-spawn XP
 C = Spawn XP percentage of total XP
 D = Spawn monster count
 E = Non-spawn monster count
 F = Spawn count percentage of total count
 G = Total turns spent on level
                    A         B        C        D         E        F      G
               +---------+---------+-------+---------+---------+-------+---------
         Total |       0 |    3453 |   0.0 |       0 |     194 |   0.0 |  8326
               +---------+---------+-------+---------+---------+-------+---------
           D:1 |       0 |      50 |   0.0 |       0 |      26 |   0.0 |  1452
           D:2 |       0 |     126 |   0.0 |       0 |      34 |   0.0 |  1339
           D:3 |       0 |     480 |   0.0 |       0 |      26 |   0.0 |   862
           D:4 |       0 |     430 |   0.0 |       0 |      22 |   0.0 |  1112
           D:5 |       0 |    1135 |   0.0 |       0 |      30 |   0.0 |  1491
           D:6 |       0 |    1102 |   0.0 |       0 |      25 |   0.0 |  1449
           D:7 |       0 |      51 |   0.0 |       0 |       5 |   0.0 |    56
         Sewer |       0 |      79 |   0.0 |       0 |      26 |   0.0 |   565
               +---------+---------+-------+---------+---------+-------+---------
